 Dungeon Crawl Stone Soup version 0.31-a0-237-g2d982f9f85 (webtiles) character file.

Game seed: 9124318348982367206

42 spiderkeys the Sneak (level 3, -3/28 HPs)
             Began as a Demonspawn Brigand on July 11, 2023.
             Slain by an orc
             ... wielding a +0 morningstar
              (8 damage)
             ... on level 2 of the Dungeon.
             The game lasted 00:03:05 (1537 turns).

spiderkeys the Sneak (Demonspawn Brigand)           Turns: 1537, Time: 00:03:06

Health: -3/28      AC:  8    Str: 13    XL:     3   Next: 35%
Magic:  3/3        EV:  9    Int: 12    God:
Gold:   98         SH:  0    Dex: 14    Spells: 2/2 levels left

rFire   . . .        a - +2 dagger
rCold   . . .        (no shield)
rNeg    . . .        m - +0 scale mail
rPois   .            (helmet restricted)
rElec   .            c - +0 cloak
rCorr   .            s - +0 pair of gloves
SInv    +            (no boots)
Will    .....        (no amulet)
Stlth   +            v - ring of see invisible
HPRegen 0.24/turn    (no ring)
MPRegen 0.08/turn

%: no passive effects
@: no status effects
A: horns 1, ignite blood 1
a: no special abilities


You were on level 2 of the Dungeon.
You visited 1 branch of the dungeon, and saw 3 of its levels.

You collected 98 gold pieces.


Innate Abilities, Weirdness & Mutations

You have a pair of small horns on your head.
Your demonic aura sometimes causes spilled blood to erupt in flames.


   Skills:
 + Level 2.8 Fighting
 - Level 1.9 Short Blades
 - Level 2.0 Throwing
 + Level 1.3 Armour
 - Level 1.1 Dodging
 - Level 3.7 Stealth


You had 2 spell levels left.
You didn't know any spells.
Your spell library contained the following spells:

 Spells                   Type           Power      Damage    Failure   Level
 Foxfire                  Conj/Fire      0%         2x1d4     83%         1
 Kiss of Death            Conj/Necr      0%         2d5       83%         1
 Magic Dart               Conj           0%         1d3       83%         1
 Shock                    Conj/Air       0%         1d3       83%         1
 Searing Ray              Conj           0%         2d4       93%         2
 Static Discharge         Conj/Air       0%         2-2/arc   93%         2
 Confusing Touch          Hex            0%         N/A       99%         3
 Swiftness                Air            0%         N/A       99%         3
 Airstrike                Air            0%         2d(0-16)  100%        4
 Dispel Undead            Necr           0%         3d6       100%        4
 Fulminant Prism          Conj/Hex       0%         3d5       100%        4
 Summon Lightning Spire   Summ/Air       0%         N/A       100%        4
 Fireball                 Conj/Fire      0%         3d3       100%        5
 Plasma Beam              Fire/Air       0%         2x1d10    100%        6
 Starburst                Conj/Fire      0%         6d3       100%        6

Inventory:

Hand Weapons
 a - a +2 dagger (weapon)
 t - a +0 mace
   (You found it on level 2 of the Dungeon)
Missiles
 d - 9 poisoned darts (quivered)
 e - 3 curare-tipped darts {=f}
 g - 16 stones
Armour
 c - a +0 cloak (worn)
 k - a +0 robe
   (You found it on level 2 of the Dungeon)
 m - a +0 scale mail (worn)
   (You found it on level 1 of the Dungeon)
 q - a +0 ring mail
   (You found it on level 2 of the Dungeon)
 r - a +0 ring mail
   (You found it on level 2 of the Dungeon)
 s - a +0 pair of gloves (worn)
   (You found it on level 2 of the Dungeon)
Jewellery
 v - a ring of see invisible (left hand)
   (You found it on level 1 of the Dungeon)
Scrolls
 b - a scroll of revelation {unknown}
 h - 2 scrolls of enchant weapon {unknown}
 i - 2 scrolls of identify {unknown}
 j - a scroll of amnesia {unknown}
 n - a scroll of immolation {unknown}
 o - 2 scrolls of silence {unknown}
 p - 2 scrolls of poison {unknown}
Potions
 f - a potion of attraction {unknown}
 l - a potion of degeneration {unknown}

Dungeon Overview and Level Annotations

Branches:
Dungeon (3/15) Zot: 16470

Altars:
Xom

#........#
########........#
#............<..##
###.####..........
#..# #........##
##.###.........#
####...#.<.......#
#...##..###.......
#@..###.....#####.
#.o........## ##
#...........#
#...#####...####
##### ##.....###
##.##.... #.######
#....### ####....


You could see an orc.


Message History

You hit the worm. You headbutt the worm.
You kill the worm! 😕 HP[+1] No target in view!
No target in view!
You see here a worm corpse.
You see here a worm corpse.
Key pressed, stopping explore.
Key pressed, stopping explore.
A hobgoblin comes into view. 😎 HP[+2]
Your hp is fully restored (28).
A hobgoblin is nearby!
The hobgoblin shouts!
The hobgoblin hits you but does no damage.
You closely miss the hobgoblin. Your headbutt misses the hobgoblin.
You punch the hobgoblin, but do no damage.
The hobgoblin closely misses you.
You closely miss the hobgoblin. You headbutt the hobgoblin.
You kill the hobgoblin!
No target in view!
No target in view!
You now have 98 gold pieces (gained 7).
Key pressed, stopping explore.
You see here a worm corpse.
Key pressed, stopping explore.
You see here a hobgoblin skeleton.
Done exploring.
Done exploring.
No target in view!
Search for what [Enter for "."]? .
You see here a hobgoblin skeleton.
You see here a +0 mace.
t - a +0 mace
t - a +0 mace (weapon)
a - a +2 dagger (weapon)
There is an escape hatch in the floor here.
There is a stone staircase leading down here.
You climb downwards.
You hear the sound of rushing water.
There is an entrance to a sewer on this level.
Hurry and find it before the portal rusts away!
The goblin shouts!
There is a stone staircase leading up here.
The orc shouts!
You hit the goblin. You hit the goblin.
You kill the goblin!
There is a stone staircase leading up here.
An orc comes into view. It is wielding a +0 whip.
The orc shouts!
An orc comes into view. It is wielding a +0 morningstar.
The orc hits you with a +0 short sword. 😕 HP[-3]
You take 3 damage, and now have 25/28 hp.
The orc shouts!
You hit the orc but do no damage. You headbutt the orc.
The orc hits you but does no damage.
You barely miss the orc. You headbutt the orc. The orc closely misses you.
You barely miss the orc.
An orc comes into view. It is wielding a +0 whip.
The orc hits you but does no damage.
The orc shouts!
You hit the orc.
You kill the orc! 😕 HP[+1]
The orc barely misses you.
You hit the orc. The orc barely misses you.
An orc comes into view. It is wielding a +0 short sword.
The orc shouts!
You hit the orc but do no damage. The orc hits you with a +0 morningstar.
The orc hits you with a +0 whip. 😮 HP[-7]
You take 7 damage, and now have 19/28 hp.
MASSIVE DAMAGE!! (PAUSE)
The orc attacks as you move away! The orc hits you but does no damage.
There is a stone staircase leading up here. 😮 HP[+1]
The orc hits you with a +0 morningstar.
* * * LOW HITPOINT WARNING * * *
You climb upwards.
There is a stone staircase leading down here. 😨 HP[-6]
You take 6 damage, and now have 14/28 hp.
MASSIVE DAMAGE!! (PAUSE)
You barely miss the orc. You headbutt the orc.
The orc hits you with a +0 morningstar.
* * * LOW HITPOINT WARNING * * *
😨 HP[-2]
You take 2 damage, and now have 12/28 hp.
You barely miss the orc. Your headbutt misses the orc.
The orc barely misses you.
You hit the orc but do no damage. You hit the orc but do no damage.
The orc closely misses you.
You hit the orc. The orc hits you with a +0 morningstar!
* * * LOW HITPOINT WARNING * * *
😱 HP[-8]
You take 8 damage, and now have 4/28 hp.
MASSIVE DAMAGE!! (PAUSE)
You closely miss the orc. The orc hits you with a +0 morningstar!
You die...

Skill      XL: |  1  2 |
---------------+-------+-----
Dodging        | 1 |  1.1
Throwing       | 2 |  2.0
Armour         | 1 |  1.3
Fighting       | |  2.8
Short Blades   | |  1.9
Stealth        | |  3.7

Action                     || total
---------------------------++-------
  Melee: Dagger            ||   115
         Punch             ||     3
         Headbutt          ||     8
   Stab: Sleeping          ||     4
 Armour: Leather armour    ||     8
         Robe              ||     1
         Skin              ||     1
         Scale mail        ||    32
  Dodge: Dodged            ||    59

Levels and vault maps discovered:
D:1:      dpeg_arrival_concentric_ovals, layout_loops_ring, serial_glass,
          glass_columns_c, glass_columns_a, roderic_serpentine_path,
          minmay_bisected
D:2:      layout_rooms, basic_altar
D:3:      wad_river_or_something, layout_basic,
          nicolae_wu_jian_immortal_techniques, portal_sewer_entry_a

Notes
Turn   | Place    | Note
-------+----------+-------------------------------------------
     0 | D:1      | spiderkeys the Demonspawn Brigand began the quest for the
                  | Orb.
     0 | D:1      | Reached XP level 1. HP: 16/16 MP: 1/1
     0 | D:1      | magus.rc [v1.11.3]
   126 | D:1      | HP: 3/16 [frilled lizard (2)]
   134 | D:1      | Reached skill level 1 in Dodging
   207 | D:1      | You pick up a book of Fire and begin reading...
   207 | D:1      | You add the spells Foxfire, Fireball, Plasma Beam and
                  | Starburst to your library.
   213 | D:1      | You pick up a book of Touch and begin reading...
   213 | D:1      | You add the spells Kiss of Death, Confusing Touch and
                  | Dispel Undead to your library.
   295 | D:1      | You pick up a book of Conjurations and begin reading...
   295 | D:1      | You add the spells Magic Dart, Searing Ray and Fulminant
                  | Prism to your library.
   327 | D:1      | Gained mutation: Your demonic aura sometimes causes spilled
                  | blood to erupt in flames. [demonic ancestry]
   327 | D:1      | Reached XP level 2. HP: 22/22 MP: 2/2
   369 | D:1      | Reached skill level 2 in Throwing
   684 | D:1      | You pick up a book of Air and begin reading...
   684 | D:1      | You add the spells Shock, Swiftness and Airstrike to your
                  | library.
   945 | D:2      | Found a shimmering altar of Xom.
   984 | D:2      | Reached skill level 1 in Armour
   993 | D:2      | Gained mutation: You have a pair of small horns on your
                  | head. [demonic ancestry]
   993 | D:2      | Reached XP level 3. HP: 28/28 MP: 3/3
   995 | D:2      | You pick up a book of Storms and begin reading...
   995 | D:2      | You add the spells Static Discharge and Summon Lightning
                  | Spire to your library.
  1536 | D:2      | HP: 4/28 [orc/+0 morningstar (8)]
  1537 | D:2      | Slain by an orc

Vanquished Creatures
  A worm (D:2)
  An orc (D:3)
  An endoplasm (D:2)
  2 giant cockroaches
  4 goblins
  5 hobgoblins
  3 jackals (D:1)
  A quokka (D:1)
  4 ball pythons
  3 bats
  3 frilled lizards (D:1)
  5 kobolds
  A rat (D:2)
34 creatures vanquished.

Table legend:
 A = Non-vault XP
 B = Vault XP
 C = Vault XP percentage of total XP
 D = Non-vault monster count
 E = Vault monster count
 F = Vault count percentage of total count
                 A         B        C        D         E       F
            +---------+---------+-------+---------+---------+-------
      Total |      58 |       3 |   4.9 |      32 |       2 |   5.9
            +---------+---------+-------+---------+---------+-------
        D:1 |      30 |       3 |   9.1 |      19 |       2 |   9.5
        D:2 |      23 |       0 |   0.0 |      11 |       0 |   0.0
        D:3 |       5 |       0 |   0.0 |       2 |       0 |   0.0
            +---------+---------+-------+---------+---------+-------

Skill      XL: |  1  2 |
---------------+-------+-----
Dodging        | 1 |  1.1
Throwing       | 2 |  2.0
Armour         | 1 |  1.3
Fighting       | |  2.8
Short Blades   | |  1.9
Stealth        | |  3.7

Action                     || total
---------------------------++-------
  Melee: Dagger            ||   115
         Punch             ||     3
         Headbutt          ||     8
   Stab: Sleeping          ||     4
 Armour: Leather armour    ||     8
         Robe              ||     1
         Skin              ||     1
         Scale mail        ||    32
  Dodge: Dodged            ||    59

Illustrated notes

Table legend:
 A = Kills in this place as a percentage of kills in the entire game.
 B = Kills by you in this place as a percentage of kills by you in the entire game.
 C = Kills by friends in this place as a percentage of kills by friends in the entire game.
 D = Other kills in this place as a percentage of other kills in the entire game.
 E = Experience gained in this place as a percentage of experience gained in the entire game.
 F = Experience gained in this place divided by the number of levels of this place that you have seen.
                   A       B       C       D       E      F
               +-------+-------+-------+-------+-------+----------------------
         Total | 100.0 | 100.0 |   N/A |   N/A | 100.0 |  20.3
       Dungeon | 100.0 | 100.0 |   N/A |   N/A | 100.0 |  20.3
               +-------+-------+-------+-------+-------+----------------------

Table legend: (Time is in decaauts)
 A = Elapsed time spent in this place.
 B = Non-inter-level travel time spent in this place.
 C = Inter-level travel time spent in this place.
 D = Time resting spent in this place.
 E = Time spent auto-exploring this place.
 F = Levels seen in this place.
 G = Mean time per level.
                   A        B        C        D        E       F      G
               +--------+--------+--------+--------+--------+-----+--------+
         Total |   1528 |   1422 |    106 |      0 |   1133 |   3 |  509.3 |
       Dungeon |   1528 |   1422 |    106 |      0 |   1133 |   3 |  509.3 |
               +--------+--------+--------+--------+--------+-----+--------+

Top non-repeatable levels by time:
     D:1: 918 daAuts
     D:2: 595 daAuts
     D:3: 14 daAuts
